 Dungeon Sprint DCSS version 0.22.1-1-ga44c0e56f4 (webtiles) character file.

924 MuseOD the Covert (level 7, -5/42 HPs)
             Began as a Spriggan Enchanter on Sept 23, 2018.
             Was an Initiate of Dithmenos.
             Slain by a sixfirhy (11 damage)
             ... summoned by a kobold demonologist
             ... in the Dungeon (Sprint III: "The Ten Rune Challenge").
             The game lasted 00:01:18 (421 turns).

MuseOD the Covert (Spriggan Enchanter)               Turns: 421, Time: 00:01:18

Health: -5/42      AC:  2    Str:  4    XL:     7   Next: 84%
Magic:  6/12       EV: 18    Int: 18    God:    Dithmenos [......]
Gold:   47         SH:  0    Dex: 17    Spells: 5/11 levels left

rFire    . . .     SeeInvis +   a - +1 dagger
rCold    . . .     Gourm    .   (shield restricted)
rNeg     . . .     Faith    .   b - +0 robe
rPois    .         Spirit   .   (helmet restricted)
rElec    .         Reflect  .   (no cloak)
rCorr    .         Harm     .   (gloves unavailable)
MR       +....     NoTele   +   (boots unavailable)
Stlth    ++++++....             (no amulet)
HPRegen  0.14/turn              (no ring)
MPRegen  0.13/turn              (no ring)

@: very slightly contaminated, very quick
A: very small, unfitting armour, see invisible, herbivore, speed 3, slow
metabolism 2
a: Renounce Religion


You were in the Dungeon.
You worshipped Dithmenos.
Dithmenos was noncommittal.
You were not hungry.

You visited 1 branch You collected 47 gold pieces.

Inventory:

Hand Weapons
 a - a +1 dagger (weapon)
Armour
 b - a +0 robe (worn)
Scrolls
 j - a scroll of blinking
 k - 2 scrolls of torment {unknown}
 l - 4 scrolls of identify
 m - 3 scrolls of remove curse
Potions
 c - 3 potions of mutation {unknown}
 e - 2 potions of curing
 f - a potion of heal wounds
 g - a potion of haste
 h - 2 potions of magic
 i - 2 potions of berserk rage
 n - a potion of brilliance {unknown}
 o - 3 potions of flight
 p - a potion of might
Comestibles
 d - 3 rations


   Skills:
 + Level 7.1 Fighting
 * Level 12.9 Short Blades
 - Level 3.0 Dodging
 + Level 13.5 Stealth
 - Level 2.6 Spellcasting
 - Level 3.6 Hexes


You had 5 spell levels left.
You knew the following spells:

 Your Spells              Type           Power        Failure   Level  Hunger
a - Corona                Hex            ###....      3%          1    #......
b - Ensorcelled Hibernat  Hex/Ice        #.....       12%         2    ##.....
c - Confuse               Hex            ###.....     12%         3    ###....

Your spell library contained the following spells:

 Spells                   Type           Power        Failure   Level  Hunger
 Tukima's Dance           Hex            ###.....     12%         3    ###....
 Dazzling Spray           Conj/Hex       #.....       24%         3    ###....


Dungeon Overview and Level Annotations

Branches:
Dungeon (1/1)

Altars:
Dithmenos
Elyvilon
Kikubaaqudgha
Okawaru
Ru
Sif Muna
Trog
Uskayaw
Vehumet
Wu Jian
Yredelemnul
Zin
The Shining One
Beogh


Innate Abilities, Weirdness & Mutations

You are very small and have problems with some larger weapons.
You are too small for most types of armour.
You have supernaturally acute eyesight. (SInv)
You are a herbivore.
You cover ground extremely quickly.
You need to consume almost no food.


Message History

Dithmenos accepts your kill.
Casting: Ensorcelled Hibernation (safe; 12% risk of failure)
Confirm with . or Enter, or press ? or * to list all spells.
Aiming: Ensorcelled Hibernation (safe; 12% risk of failure)
Press: ? - help, Shift-Dir - straight line The kobold demonologist resists with almost no effort.
The sixfirhy barely misses you. The sixfirhy hits you! The sixfirhy shocks you!
Casting: Ensorcelled Hibernation (safe; 12% risk of failure)
Confirm with . or Enter, or press ? or * to list all spells.
Aiming: Ensorcelled Hibernation (safe; 12% risk of failure)
Press: ? - help, Shift-Dir - straight line You miscast Ensorcelled Hibernation.
You are very lightly contaminated with residual magic.
You hear a crackling sound.
The sixfirhy hits you. The sixfirhy shocks you!
* * * LOW HITPOINT WARNING * * *
The sixfirhy completely misses you. The sixfirhy hits you.
* * * LOW HITPOINT WARNING * * *
The sixfirhy shocks you!
You die...

.#...#### ##.############
.#......#####..#___#___#__#
##.......#..#..#)..#__)#†_#
.##.##...#..#..###'#'###)##
.##.###..##'#..#..........#
####.##..###...'.⌠........#
##..##..####...#...######+#
....##..###....#.⌠.#
#..##...##.....#@..#
..##....#).....#3###
.###..##.#.....#.: .# #..
####....#K__ ▓▓ ▓▓▓
▓▓▓▓▓▓▓▓▓▓


You could see a kobold demonologist and a sixfirhy.

Vanquished Creatures
  A deep elf mage (D)
  A necrophage (D)
  A water elemental (D)
  A wizard (D)
  Crazy Yiuf (D)
  A necromancer (D)
  3 humans (D)
  2 oozes (D)
  2 rats (D)
13 creatures vanquished.

Vanquished Creatures (others)
  2 draconian scorchers (D)
  A yaktaur (D)
  6 hellions (D)
9 creatures vanquished.

Grand Total: 22 creatures vanquished

Notes
Turn   | Place    | Note
-------+----------+-------------------------------------------
     0 | D        | MuseOD the Spriggan Enchanter began the quest for the Orb.
     0 | D        | Reached XP level 1. HP: 9/9 MP: 5/5
    10 | D        | Reached skill level 1 in Fighting
    10 | D        | Reached skill level 5 in Stealth
    12 | D        | Reached XP level 2. HP: 14/14 MP: 6/6
    51 | D        | Learned a level 2 spell: Ensorcelled Hibernation
    54 | D        | Noticed Crazy Yiuf
    59 | D        | Killed Crazy Yiuf
    59 | D        | Reached skill level 5 in Short Blades
    59 | D        | Reached skill level 6 in Stealth
    59 | D        | Reached XP level 3. HP: 19/19 MP: 5/8
    61 | D        | Reached skill level 7 in Stealth
   109 | D        | Killed a yaktaur
   117 | D        | Noticed a water elemental
   119 | D        | Killed a water elemental
   119 | D        | Reached skill level 8 in Stealth
   119 | D        | Reached XP level 4. HP: 25/25 MP: 9/9
   124 | D        | Learned a level 3 spell: Confuse
   128 | D        | Found a hide-covered altar of Uskayaw.
   128 | D        | Found a roughly hewn altar of Beogh.
   128 | D        | Found an iron altar of Okawaru.
   128 | D        | Found a bloodstained altar of Trog.
   128 | D        | Found an ornate altar of the Wu Jian Council.
   128 | D        | Noticed a human
   129 | D        | Noticed a human
   131 | D        | Killed a human
   131 | D        | Reached skill level 10 in Stealth
   131 | D        | Reached XP level 5. HP: 30/30 MP: 10/10
   132 | D        | Killed a human
   132 | D        | Reached skill level 5 in Fighting
   132 | D        | Reached skill level 10 in Short Blades
   132 | D        | Reached skill level 11 in Stealth
   132 | D        | Reached XP level 6. HP: 36/36 MP: 11/11
   145 | D        | Killed a hellion
   148 | D        | Killed a hellion
   149 | D        | Killed a hellion
   150 | D        | Killed a hellion
   172 | D        | Killed a hellion
   212 | D        | Found a basalt altar of Yredelemnul.
   212 | D        | Found a shadowy altar of Dithmenos.
   212 | D        | Found a sacrificial altar of Ru.
   214 | D        | Reached skill level 12 in Stealth
   231 | D        | Killed a hellion
   242 | D        | Became a worshipper of Dithmenos the Shadowed
   255 | D        | Killed a white draconian scorcher
   276 | D        | Killed a white draconian scorcher
   403 | D        | Found a glowing silver altar of Zin.
   403 | D        | Found a glowing golden altar of the Shining One.
   403 | D        | Found a white marble altar of Elyvilon.
   404 | D        | Noticed a deep elf mage
   406 | D        | Killed a deep elf mage
   406 | D        | Reached skill level 13 in Stealth
   406 | D        | Reached XP level 7. HP: 41/42 MP: 12/12
   416 | D        | Found a radiant altar of Vehumet.
   416 | D        | Found a deep blue altar of Sif Muna.
   416 | D        | Found an ancient bone altar of Kikubaaqudgha.
   419 | D        | Noticed a sixfirhy
   421 | D        | Slain by a sixfirhy

Skill      XL: |  1  2  3  4  5  6 |
---------------+-------------------+-----
Fighting       | 1 2 3 4 5 7 |  7.1
Short Blades   | 3 5 7 9 10 12 | 12.9
Stealth        | 5 6 8 10 11 13 | 13.5
Dodging        | |  3.0
Spellcasting   | |  2.6
Hexes          | |  3.6

Action                   |  1- 3 |  4- 6 |  7- 9 || total
-------------------------+-------+-------+-------++-------
Melee: Dagger            |    15 |    21 |     2 ||    38
 Cast: Ensorcelled Hiber |     2 |     4 |     2 ||     8
       Confuse           |       |     1 |       ||     1
 Stab: Sleeping          |     5 |     4 |     1 ||    10
Dodge: Dodged            |     7 |    10 |     3 ||    20
